Map: Abyssal Reef LE

Players

Beastyqt

  • Race: Protoss Protoss
  • League: Master
  • Spawn Location: 11:00

A.I. 1 (Very Easy) - Winner!

  • Race: Terran Terran
  • Spawn Location: 5:00

VOD

https://www.youtube.com/watch?v=TJdxBqgsa3w&feature=youtu.be

Description

Time

  • Played on: Nov. 20, 2017, 9:14 a.m.
  • Length: 9:36
Show
View Real Time Build Order
Export as new Build Order

Beastyqt Protoss 

Build Orders: 1 Gate Expand, Blink Stalkers 

Get SALT Encoding   

  12  0:01  Probe  
  13  0:13  Probe  
  14  0:17  Pylon  
  14  0:25  Probe  
  15  0:37  Probe (Chrono Boost)  
  15  0:38  Gateway  
  16  0:48  Assimilator  
  16  0:49  Probe (Chrono Boost)  
  17  0:51  Probe  
  18  1:03  Probe  
  19  1:15  Probe  
  20  1:24  Nexus  
  20  1:36  Cybernetics Core  
  20  1:40  Assimilator  
  20  1:42  Probe  
  21  1:49  Pylon  
  21  1:54  Probe  
  22  2:07  Probe  
  23  2:12  Stalker (Chrono Boost)  
  23  2:13  Warp Gate  
  25  2:19  Probe  
  26  2:32  Stalker (Chrono Boost)  
  26  2:34  Probe (Chrono Boost)  
  29  2:37  Probe (Chrono Boost)  
  29  2:43  Robotics Facility  
  31  2:50  Probe x2 (Chrono Boost)  
  32  2:53  Probe  
  32  2:55  Probe  
  34  3:05  Probe, Twilight Council  
  35  3:07  Probe  
  36  3:17  Probe  
  36  3:18  Gateway  
  36  3:19  Probe  
  38  3:24  Gateway  
  38  3:29  Probe  
  38  3:31  Observer (Chrono Boost)  
  40  3:35  Assimilator, Probe  
  40  3:38  Pylon  
  41  3:41  Probe  
  41  3:42  Observer  
  41  3:45  Blink (Chrono Boost)  
  43  3:49  Probe  
  43  3:54  Pylon  
  45  3:55  Probe  
  45  4:01  Probe  
  46  4:04  Observer (Chrono Boost)  
  46  4:08  Probe  
  48  4:15  Probe  
  49  4:20  Nexus, Probe  
  49  4:22  Pylon  
  50  4:28  Probe  
  50  4:30  Observer  
  52  4:34  Probe  
  53  4:38  Stalker x2  
  53  4:39  Stalker  
  53  4:40  Probe  
  60  4:46  Probe  
  60  4:52  Observer  
  62  4:55  Probe  
  62  4:56  Observer  
  63  5:02  Forge  
  63  5:03  Probe  
  63  5:04  Forge  
  63  5:06  Pylon  
  64  5:11  Probe  
  65  5:15  Probe, Sentry  
  68  5:23  Probe  
  68  5:26  Charge  
  68  5:27  Probe  
  74  5:34  Protoss Ground Weapons Level 1 (Chrono Boost)  
  74  5:35  Probe x2  
  71  5:37  Protoss Ground Armor Level 1 (Chrono Boost)  
  71  5:39  Probe  
  71  5:41  Gateway  
  71  5:42  Gateway x2  
  73  5:47  Gateway x2, Probe  
  73  5:48  Probe  
  75  5:53  Gateway  
  75  5:54  Probe  
  75  5:56  Assimilator  
  76  5:59  Probe  
  76  6:00  Assimilator  
  76  6:03  Probe  
  78  6:07  Stalker x2  
  78  6:08  Stalker  
  84  6:12  Assimilator, Probe x2  
  84  6:15  Probe  
  87  6:22  Immortal  
  87  6:24  Probe  
  92  6:27  Pylon  
  92  6:28  Probe  
  92  6:29  Pylon  
  93  6:39  Shield Battery x2  
  93  6:40  Pylon  
  93  6:47  Pylon  
  94  6:48  Shield Battery  
  94  6:49  Shield Battery  
  94  6:50  Shield Battery, Templar Archives  
  94  6:51  Pylon  
  93  6:54  Zealot x4  
  101  7:04  Immortal  
  101  7:08  Stalker x3  
  107  7:12  Stalker  
  113  7:19  Zealot x3  
  113  7:22  Protoss Ground Weapons Level 2 (Chrono Boost)  
  119  7:24  Protoss Ground Armor Level 2 (Chrono Boost)  
  119  7:28  Psionic Storm  
  119  7:53  Nexus  
  119  7:55  Pylon  
  119  7:56  High Templar x4  
  119  7:57  Pylon  
  127  7:58  Zealot x3  
  127  8:04  Pylon  
  127  8:05  Pylon  
  133  8:08  Pylon  
  133  8:11  Pylon  
  133  8:13  Probe  
  133  8:19  High Templar x2  
  137  8:20  High Templar  
  137  8:22  Zealot  
  141  8:30  Warp Prism  
  143  8:46  Stalker x5  
  153  8:51  Gateway  
  153  8:53  Gateway, Assimilator  
  153  8:55  Gateway  
  153  8:57  Assimilator  
  153  8:58  Gateway  
  153  9:02  Stalker x2  
  155  9:03  Stalker  
Show
View Real Time Build Order
Export as new Build Order

A.I. 1 (Very Easy) Terran - Winner!

Build Orders:  

Get SALT Encoding   

  12  0:00  SCV  
  13  0:13  SCV  
  14  0:18  Supply Depot  
  14  0:36  Refinery  
  14  0:41  Barracks  
  14  1:06  Supply Depot  
  14  1:13  Refinery  
  14  1:27  Marine  
  14  1:28  Orbital Command  
  15  1:53  SCV  
  16  1:58  Marine  
  17  2:05  SCV  
  18  2:17  SCV  
  19  2:29  Marine  
  21  2:30  SCV  
  21  2:42  SCV  
  22  2:54  SCV  
  23  5:23  SCV  
  23  5:42  SCV, Marine  
  24  5:44  Supply Depot  
  24  5:46  Factory  
  25  6:05  SCV  
  25  6:08  Supply Depot  
  26  6:17  SCV, Barracks Tech Lab  
  26  6:30  SCV  
  25  6:33  Starport  
  25  6:35  Marine  
  26  6:42  SCV  
  27  6:48  Command Center  
  27  6:54  SCV  
  28  7:09  Starport Tech Lab  
  28  7:10  Marauder  
  30  7:29  Raven  
  32  7:44  Marine  
  33  8:01  SCV  
  34  8:08  SCV  
  34  8:10  Refinery  
  34  8:11  Raven  
  34  8:12  Refinery  
  37  8:15  SCV  
  37  8:18  Marine  
  39  8:22  SCV  
  40  8:30  SCV  
  41  8:37  SCV  
  42  8:44  SCV  
  43  8:51  SCV  
  44  8:58  SCV  
  45  9:06  SCV  
  46  9:13  SCV  
  47  9:20  SCV  
Tags
 
Composition
Blink Stalkers
League
Master
Matchup
PvT
Player
Beastyqt
Spawn Locations
Cross Positions
Add a new tag
Caveats
  • Supply blocks, unpowered buildings, or Contaminate may cause inaccurate times.
  • Supply counts are checked every 10 seconds.